 Dungeon Crawl Stone Soup version 0.31-a0-844-gdc52ec4e09 (webtiles) character file.

Game seed: 7366870777332255336

33 randomguy2701 the Blocker (level 3, -9/35 HPs)
             Began as a Gnoll Wanderer on Sept 29, 2023.
             Mangled by Sigmund
             ... wielding a +0 scythe
              (11 damage)
             ... on level 3 of the Dungeon.
             The game lasted 00:01:36 (1510 turns).

randomguy2701 the Blocker (Gnoll Wanderer)          Turns: 1510, Time: 00:01:37

Health: -9/35      AC:  3    Str: 15    XL:     3   Next: 29%
Magic:  7/7        EV: 11    Int:  7    God:
Gold:   24         SH:  8    Dex: 13    Spells: 7/7 levels left

rFire   . . .        a - +0 dagger
rCold   . . .        d - +2 buckler
rNeg    . . .        f - +0 leather armour
rPois   .            (no helmet)
rElec   .            (no cloak)
rCorr   .            (no gloves)
SInv    .            (no boots)
Will    .....        (no amulet)
Stlth   +            (no ring)
HPRegen 0.25/turn    (no ring)
MPRegen 0.10/turn

%: no passive effects
@: no status effects
A: fangs 1, strong nose, distributed training
a: no special abilities


You were on level 3 of the Dungeon.
You visited 1 branch of the dungeon, and saw 3 of its levels.

You collected 24 gold pieces.

Inventory:

Hand Weapons
 a - a +0 dagger (weapon)
Missiles
 c - 12 poisoned darts (quivered)
Armour
 d - a +2 buckler (worn)
 f - a +0 leather armour (worn)
Scrolls
 e - 4 scrolls of teleportation
 g - a scroll of enchant weapon {unknown}
 h - a scroll of fog {unknown}
 j - a scroll of identify {unknown}
 k - a scroll of amnesia {unknown}
 l - a scroll of revelation {unknown}
Potions
 b - a potion of attraction
 i - a potion of curing {unknown}


   Skills:
 + Level 6.5 Fighting
 + Level 0.7 Short Blades
 + Level 0.7 Long Blades
 + Level 0.7 Axes
 + Level 0.7 Maces & Flails
 + Level 0.7 Polearms
 + Level 0.7 Staves
 + Level 0.7 Ranged Weapons
 + Level 2.6 Throwing
 + Level 2.6 Armour
 + Level 0.7 Dodging
 + Level 0.7 Stealth
 + Level 8.5 Shields
 + Level 0.7 Unarmed Combat
 + Level 2.8 Spellcasting
 + Level 0.5 Conjurations
 + Level 0.5 Hexes
 + Level 0.5 Summonings
 + Level 0.5 Necromancy
 + Level 0.5 Translocations
 + Level 0.5 Transmutations
 + Level 0.5 Fire Magic
 + Level 0.5 Ice Magic
 + Level 0.5 Air Magic
 + Level 0.5 Earth Magic
 + Level 0.5 Poison Magic
 + Level 0.9 Invocations
 + Level 0.7 Evocations
 + Level 0.6 Shapeshifting


You had 7 spell levels left.
You didn't know any spells.
Your spell library was empty.

Dungeon Overview and Level Annotations

Branches:
Dungeon (3/15)

Altars:

Shops:
D:1 =

Annotations:
D:3 Sigmund


Innate Abilities, Weirdness & Mutations

You have very sharp teeth.
Your uncanny sense of smell can sniff out nearby items.
Your experience applies equally to all skills.


Message History

You hit the giant cockroach.
The giant cockroach is heavily wounded.
The giant cockroach barely misses you. The jackal closely misses you.
The kobold hits you with a +0 whip.
* * * LOW HITPOINT WARNING * * *
The jackal barely misses you. The giant cockroach closely misses you.
You block the jackal's attack.
You hit the giant cockroach but do no damage.
The giant cockroach is heavily wounded.
The kobold misses you. You block the jackal's attack. x2
The giant cockroach bites you.
* * * LOW HITPOINT WARNING * * *
The kobold hits you but does no damage. The jackal barely misses you.
You hit the giant cockroach but do no damage.
The giant cockroach is heavily wounded.
The jackal closely misses you. The giant cockroach closely misses you.
The jackal closely misses you.
Unknown command.
You hit the giant cockroach but do no damage.
You bite the giant cockroach, but do no damage.
The giant cockroach is heavily wounded.
You block the jackal's attack. The kobold barely misses you.
The giant cockroach closely misses you.
The jackal bites you but does no damage.
You block the jackal's attack. Something hits you but does no damage.
You hit the giant cockroach but do no damage.
You bite the giant cockroach, but do no damage.
The giant cockroach is heavily wounded.
The jackal bites you.
* * * LOW HITPOINT WARNING * * *
The kobold hits you with a +0 whip.
* * * LOW HITPOINT WARNING * * *
The giant cockroach bites you but does no damage.
The jackal barely misses you. The jackal bites you.
* * * LOW HITPOINT WARNING * * *
The giant cockroach closely misses you. The kobold barely misses you.
You closely miss the giant cockroach.
The giant cockroach is heavily wounded.
You block the jackal's attack. Something hits you!
You die...

#...... #...{..
#...... #####
#...... #...###
###......
#.....####........
#.................
#hh...........[...
#@Kh.~....~.......
#B#{..............
#.#....~~.........
#.#....~~.........
#.#...............
#....~....~.......
#.. .... #..


You could see 3 jackals, a giant cockroach and a kobold.

Vanquished Creatures
  A worm (D:2)
  2 dart slugs (D:2)
  An orc (D:3)
  3 ball pythons
  2 bats
  2 hobgoblins
  3 jackals (D:1)
  A kobold (D:1)
  4 quokkas
  A goblin (D:2)
  2 rats (D:2)
22 creatures vanquished.

Notes
Turn   | Place    | Note
-------+----------+-------------------------------------------
     0 | D:1      | randomguy2701 the Gnoll Wanderer began the quest for the
                  | Orb.
     0 | D:1      | randomguy2701 set off with the following items: a +0
                  | dagger, a potion of attraction, 13 poisoned darts, a +2
                  | buckler, a scroll of teleportation, a +0 leather armour.
     0 | D:1      | Reached XP level 1. HP: 23/23 MP: 4/4
     0 | D:1      | Found Getryok's Jewellery Shoppe.
   177 | D:1      | Reached XP level 2. HP: 28/29 MP: 5/5
  1070 | D:2      | Reached XP level 3. HP: 31/35 MP: 7/7
  1457 | D:3      | Noticed Sigmund
  1510 | D:3      | Mangled by Sigmund

Illustrated notes

Levels and vault maps discovered:
D:1:      dpeg_arrival_connections, layout_rooms, serial_shops,
          nicolae_shop_crystal, serial_aquarium, aquarium_bridge_straight
          [aquarium_subvault_bridge, aquarium_subvault_window,
          aquarium_subvault_bridge, aquarium_subvault_window],
          aquarium_bridge_long_separate [aquarium_subvault_bridge,
          aquarium_subvault_bridge, aquarium_subvault_bridge,
          aquarium_subvault_wall, aquarium_subvault_bridge,
          aquarium_subvault_bridge], aquarium_window_fake,
          aquarium_window_corridor_3, aquarium_window_fake,
          aquarium_window_fake, aquarium_view_2b, aquarium_view_2d,
          aquarium_balcony_3a, aquarium_pool_double
D:2:      layout_basic, hellmonk_ecumenical_altar_lost_god
D:3:      lemuel_castle_with_subvaults [lemuel_castle_interior_carwin_3],
          layout_basic, dk_yredelemnul_ordeal, skrybe_limestone_x, uniq_sigmund,
          uniq_grinder

Action                     || total
---------------------------++-------
  Melee: Dagger            ||   120
         Bite              ||    10
  Throw: Dart              ||    17
   Stab: Sleeping          ||     1
 Armour: Leather armour    ||    87
  Dodge: Dodged            ||    77
  Block: Buckler           ||    81

Table legend: (Time is in decaauts)
 A = Elapsed time spent in this place.
 B = Non-inter-level travel time spent in this place.
 C = Inter-level travel time spent in this place.
 D = Time resting spent in this place.
 E = Time spent auto-exploring this place.
 F = Levels seen in this place.
 G = Mean time per level.
                   A        B        C        D        E       F      G
               +--------+--------+--------+--------+--------+-----+--------+
         Total |   1509 |   1402 |    107 |      0 |   1107 |   3 |  503.0 |
       Dungeon |   1509 |   1402 |    107 |      0 |   1107 |   3 |  503.0 |
               +--------+--------+--------+--------+--------+-----+--------+

Top non-repeatable levels by time:
     D:1: 706 daAuts
     D:2: 701 daAuts
     D:3: 100 daAuts
